 Dungeon Sprint DCSS version 0.16-a0-3807-g3748f16 (console) character file.

50801 Monkaria the Orcish Blade (level 14, 0/146 HPs)
             Began as a Hill Orc Fighter on Jan 28, 2015.
             Was a Plaything of Xom.
             Slain by a fire giant
             ... wielding a +2 great sword of flaming
              (21 damage)
             ... in the Dungeon (Sprint IX: "|||||||||||||||||||||||||||||").
             The game lasted 00:25:52 (5858 turns).

Monkaria the Orcish Blade (Hill Orc Fighter)        Turns: 5858, Time: 00:25:52

Health: 0/146      AC: 16    Str: 30    XL:     14   Next: 56%
Magic:  34/34      EV: 11    Int:  8    God:    Xom [*.....]
Gold:   1110       SH: 24    Dex:  8    Spells: 0 memorised, 13 levels left

rFire  . . .     SeeInvis +     q - +4 scimitar (flame)
rCold  . . .     Clarity  .     (no armour)
rNeg   . . .     SustAb   .     N - +2 large shield
rPois  .         Gourm    .     p - +0 helmet
rElec  +         Spirit   .     E - +0 cloak
rCorr  .         Warding  .     l - +1 pair of gloves
rMut   .         NoTele   +     r - +2 pair of boots
MR     +++..                    A - amulet "Gogilein" {+Rage Str+4 SInv}
Stlth  +.........               J - ring of protection from magic
                                t - +2 ring of evasion

@: extremely resistant to hostile enchantments, very unstealthy
A: iridescent scales 1, slimy green scales 1, clumsy 1, high mp 1, magic
resistance 1, electricity resistance, strong 1, MP-powered wands 1
a: Renounce Religion, Evoke Berserk Rage


You were in the Dungeon.
You worshipped Xom.
You were a special plaything of Xom.
You were not hungry.

You visited 1 branch You collected 2238 gold pieces.
You spent 1128 gold pieces at shops.

Inventory:

Hand weapons
 k - a +1 great sword of flaming
 q - a +4 scimitar of flaming (weapon)
 x - a cursed -1 blowgun
Missiles
 y - 22 stones (quivered)
 H - 8 curare-tipped needles
Armour
 l - a +1 pair of gloves (worn)
 p - a +0 helmet (worn)
 r - a +2 pair of boots (worn)
 v - a +5 plate armour of magic resistance
 E - a +0 cloak (worn)
 M - a +1 ice dragon armour
 N - a +2 large shield (worn)
 O - a +1 fire dragon armour
 P - a +0 swamp dragon armour
Jewellery
 b - the amulet of Ytsevetu {Faith -Cast rElec Str-2 Dex+5 Stlth-}
   (Xom gifted it to you in the Dungeon)

   [amulet of faith]

   It allows you to gain divine favour quickly.
   It affects your strength (-2).
   It affects your dexterity (+5).
   It insulates you from electricity.
   It prevents spellcasting.
   It makes you less stealthy.
 t - a +2 ring of evasion (left hand)
 u - a +3 ring of intelligence
 A - the amulet "Gogilein" (around neck) {+Rage Str+4 SInv}
   (Xom gifted it to you in the Dungeon)

   [amulet of rage]

   It affects your strength (+4).
   It enhances your eyesight.
   It lets you go berserk.
 J - a ring of protection from magic (right hand)
 K - an uncursed ring of ice
 L - an uncursed ring of see invisible
Magical devices
 o - a wand of draining (5)
 z - a wand of cold (0)
 I - a wand of digging (17)
Scrolls
 m - 3 scrolls of remove curse
 n - 2 scrolls of amnesia
 w - a scroll of fog
Potions
 e - 2 potions of might
 f - 7 potions of curing
 g - a potion of agility
 h - 3 potions of haste
 i - 4 potions of magic
 j - 2 potions of berserk rage
 s - a potion of brilliance
 G - 2 potions of restore abilities
 Q - a potion of cure mutation
 R - a potion of resistance
Books
 a - a Fen Folio

   Spells                             Type                      Level
   a - Corpse Rot                     Necromancy                   2
   b - Stone Arrow                    Conjuration/Earth            3
   c - Leda's Liquefaction            Hexes/Earth                  4
   d - Summon Forest                  Summoning/Translocation      5
   e - Hydra Form                     Transmutation                6
   f - Summon Hydra                   Summoning                    7
Comestibles
 c - 4 chunks of flesh
 d - 13 meat rations
 B - a slice of pizza
 C - 12 bread rations
 D - 40 fruits


   Skills:
 - Level 19.4 Fighting
 + Level 24.4 Long Blades
 - Level 17.0 Armour
 - Level 17.2 Shields
 - Level 15.2 Evocations


You had 13 spell levels left.
You didn't know any spells.

Dungeon Overview and Level Annotations

Branches:
Dungeon (1/1)

Altars:
Cheibriados
Dithmenos
Elyvilon
Fedhas
Gozag
Kikubaaqudgha
Makhleb
Nemelex Xobeh
Okawaru
Qazlal
Ru
Sif Muna
Trog
Vehumet
Xom
Yredelemnul
Zin
The Shining One
Beogh
Jiyva
Lugonu

Shops:
D %[(!


Innate Abilities, Weirdness & Mutations

You are partially covered in iridescent scales (AC +4).
You are partially covered in slimy green scales (AC +2).
You are clumsy. (Dex -2)
You have an increased reservoir of magic (+10% MP).
You are resistant to hostile enchantments.
You are resistant to electric shocks.
Your muscles are strong. (Str +2)
You expend magic power (3 MP) to slightly strengthen your wands.


Message History

The fireball engulfs the fire giant.
The fire giant resists.
You finish taking off your +5 plate armour of magic resistance.
You feel less resistant to hostile enchantments.
Unknown command.
Unknown command.
There's nothing to open nearby.
You don't know any spells.
There are monsters nearby!
Unknown command.
Unknown command.
The fire giant hits you with a great sword of flaming!!
Keep equipping yourself?
* * * LOW HITPOINT WARNING * * *
The fire giant burns you.
* * * LOW HITPOINT WARNING * * *
You start putting on your armour.
You continue putting on your +1 fire dragon armour.
The fire giant hits you with a great sword of flaming!!
You die...
Xom chortles! , , , ,*m* ▓)▓.▓.▓.▓)▓.▓.▓.▓)▓.▓. *,*p * ▓,▓.▓)▓.▓.▓.▓.▓.▓.▓.▓. ,*,*m*m ,*,▓.▓(▓.▓.▓.▓)▓.▓.▓.▓. * ,* *,*,▓.▓(▓.▓.▓.▓)▓.▓.▓.▓' p p p*N ,▓.▓(▓.▓.▓.▓)▓.▓)▓.▓. , ,*p N *,*,▓.▓(▓.▓.▓.▓)▓.▓)▓.▓. , , p N N * ▓,▓y▓.▓)▓.▓)▓.▓)▓.▓. * *p*, ,*,*,*,▓C▓.▓(▓.▓)▓.▓)▓.▓. *,*p S ,*,▓@▓.▓)▓.▓)▓.▓)▓.▓. *,*p ,* *,*, ▓)▓.▓+▓.▓)▓.▓)▓.▓. , ,*p p S N

, ▓(▓.▓(▓.▓.▓.▓)▓.▓. , *
*,
*,*,*,▓.▓.▓.▓.▓=▓.▓)▓.▓)
, *p N*N*,*
▓)▓.▓.▓.▓.▓.▓.▓.▓.
,*,*,*, N* *
*,▓.▓.▓.▓.▓.▓.▓.▓.▓. , S
, N ,▓.▓.▓.▓.▓.▓.▓.▓.▓.
* *p ,*N ,*
*,▓.▓.▓.▓.▓'▓.▓.▓.▓. , ,
,* *,▓.▓.▓.▓.▓.▓.▓.▓.▓.


You could see a fire giant and a hornet.

Vanquished Creatures
  A sphinx (D)
  A storm dragon (D)
  A shadow dragon (D)
  A fire giant (D)
  A frost giant (D)
  A vault warden (D)
  An emperor scorpion (D)
  Gastronok (D)
  2 stone giants (D)
  2 very ugly things (D)
  An ettin (D)
  3 fire dragons (D)
  3 ogre magi (D)
  3 hydras (D)
  A ghost crab (D)
  A satyr (D)
  A centaur warrior (D)
  A shock serpent (D)
  5 deep troll shamans (D)
  4 deep trolls (D)
  A sea snake (D)
  A swamp dragon (shapeshifter) (D)
  Erolcha (D)
  5 hill giants (D)
  A harpy (D)
  An ironbrand convoker (D)
  2 orc knights (D)
  A wolf spider (D)
  An oklob plant (D)
  2 griffons (D)
  2 ugly things (D)
  An elephant (D)
  An orc sorcerer (D)
  2 sirens (D)
  A naga mage (D)
  An orange demon (D)
  3 manticores (D)
  3 black mambas (D)
  Psyche (D)
  A demonic crawler (D)
  4 spiny frogs (D)
  A komodo dragon (D)
  A yaktaur (D)
  2 hellwings (D)
  A jumping spider (D)
  A troll (D)
  Sonja (D)
  A merfolk (D)
  A blink frog (D)
  2 polar bears (D)
  A bog body (D)
  A boulder beetle (shapeshifter) (D)
  2 trapdoor spiders (D)
  2 slime creatures (D)
  A yak (D)
  A vampire (D)
  A wyvern (D)
  2 vampire mosquitoes (D)
  A mottled dragon (D)
  An insubstantial wisp (D)
  2 porcupines (D)
  A swamp drake (D)
  2 nagas (D)
  3 water moccasins (D)
  A centaur (D)
  6 orc warriors (D)
  6 black bears (D)
  A boggart (D)
  A phantom (D)
  A boring beetle (D)
  A crocodile (D)
  2 giant frogs (D)
  2 hounds (D)
  A goliath beetle (D)
  A crimson imp (D)
  3 orc priests (D)
  A jelly (D)
  3 orc wizards (D)
  A worker ant (D)
  2 adders (D)
  10 orcs (D)
  A hobgoblin (D)
  3 kobolds (D)
  A quokka (D)
  A ball python zombie (D)
  4 bats (D)
  A bat simulacrum (D)
  A giant cockroach zombie (D)
  An orc zombie (D)
159 creatures vanquished.

Vanquished Creatures (collateral kills)
  A very ugly thing (D)
  A yaktaur captain (D)
  An ogre mage (D)
  A mana viper (D)
  A wolf spider (D)
  A jumping spider (D)
  A wraith (D)
  A redback (D)
  2 tarantellas (D)
  A black bear (D)
11 creatures vanquished.

Vanquished Creatures (others)
  A dancing weapon (D)
  A spatial maelstrom (D)
  A deep troll (D)
  A water nymph (D)
  4 crimson imps (D)
  An orc wizard (D)
  4 quasits (D)
  4 iron imps (D)
  2 shadow imps (D)
  4 white imps (D)
  An ufetubus (D)
  An orc (D)
  A bat zombie (D)
  A goblin (D)
  A giant newt (D)
  2 butterflies (D)
  A fungus (D)
31 creatures vanquished.

Grand Total: 201 creatures vanquished

Notes
Turn   | Place    | Note
--------------------------------------------------------------
     0 | D        | Monkaria, the Hill Orc Fighter, began the quest for the Orb.
     0 | D        | Reached XP level 1. HP: 19/19 MP: 1/1
     9 | D        | Banished a spatial maelstrom
    17 | D        | Reached skill level 4 in Fighting
    88 | D        | Noticed a worker ant
    90 | D        | Reached XP level 2. HP: 28/28 MP: 2/2
   116 | D        | Killed a worker ant
   116 | D        | Reached skill level 5 in Fighting
   116 | D        | Reached skill level 6 in Long Blades
   116 | D        | Reached XP level 3. HP: 22/37 MP: 3/3
   123 | D        | Found a glowing silver altar of Zin.
   123 | D        | Found a glowing golden altar of the Shining One.
   123 | D        | Found an ancient bone altar of Kikubaaqudgha.
   123 | D        | Found a basalt altar of Yredelemnul.
   123 | D        | Found a shimmering altar of Xom.
   123 | D        | Found a radiant altar of Vehumet.
   123 | D        | Found an iron altar of Okawaru.
   124 | D        | Found a burning altar of Makhleb.
   125 | D        | Found a deep blue altar of Sif Muna.
   126 | D        | Found a bloodstained altar of Trog.
   127 | D        | Found a sparkling altar of Nemelex Xobeh.
   128 | D        | Found a white marble altar of Elyvilon.
   129 | D        | Found a roughly hewn altar of Beogh.
   130 | D        | Became a worshipper of Xom of Unknown Intention
   131 | D        | Found a viscous altar of Jiyva.
   132 | D        | Found a corrupted altar of Lugonu.
   133 | D        | Found a blossoming altar of Fedhas.
   134 | D        | Found a snail-covered altar of Cheibriados.
   135 | D        | Found a shadowy altar of Dithmenos.
   136 | D        | Found a stormy altar of Qazlal.
   137 | D        | Found an opulent altar of Gozag.
   138 | D        | Found a sacrificial altar of Ru.
   241 | D        | Noticed a hound
   241 | D        | Noticed a centaur
   241 | D        | Noticed a black bear
   241 | D        | Noticed a goliath beetle
   243 | D        | Killed a black bear
   243 | D        | Reached skill level 7 in Fighting
   243 | D        | Reached skill level 8 in Long Blades
   243 | D        | Reached XP level 4. HP: 44/47 MP: 4/4
   243 | D        | Reached XP level 5. HP: 48/52 MP: 5/5
   247 | D        | Killed a goliath beetle
   247 | D        | Reached skill level 9 in Long Blades
   249 | D        | XOM: potion effect (haste)
   251 | D        | XOM: potion effect (agility)
   252 | D        | XOM: harmless Pois miscast
   258 | D        | Killed a centaur
   258 | D        | Reached skill level 11 in Long Blades
   258 | D        | Reached XP level 6. HP: 50/63 MP: 6/6
   260 | D        | Killed a hound
   345 | D        | Noticed a komodo dragon
   345 | D        | Noticed a mottled dragon
   345 | D        | Noticed a phantom
   345 | D        | Noticed a giant frog
   345 | D        | Noticed a wyvern
   347 | D        | Killed a mottled dragon
   347 | D        | Reached skill level 10 in Fighting
   347 | D        | Reached skill level 12 in Long Blades
   351 | D        | Killed a wyvern
   351 | D        | Reached skill level 13 in Long Blades
   351 | D        | Reached XP level 7. HP: 68/73 MP: 7/7
   352 | D        | Killed a giant frog
   352 | D        | Reached skill level 14 in Long Blades
   360 | D        | Killed a komodo dragon
   360 | D        | Reached skill level 15 in Long Blades
   360 | D        | Reached XP level 8. HP: 25/80 MP: 8/8
   367 | D        | Killed a phantom
   713 | D        | Noticed a crocodile
   713 | D        | Noticed a spiny frog
   713 | D        | Noticed a water moccasin
   713 | D        | Noticed a hound
   713 | D        | Noticed a spiny frog
   715 | D        | Noticed a spiny frog
   716 | D        | Killed a spiny frog
   716 | D        | Reached skill level 16 in Long Blades
   720 | D        | XOM: divination: magic mapping
   723 | D        | Killed a hound
   726 | D        | Killed a water moccasin
   726 | D        | Reached skill level 17 in Long Blades
   751 | D        | Killed a spiny frog
   752 | D        | Killed a crocodile
   755 | D        | Killed a spiny frog
   755 | D        | Reached skill level 18 in Long Blades
   755 | D        | Reached XP level 9. HP: 25/86 MP: 9/9
   897 | D        | XOM: harmless Trmt miscast
  1127 | D        | Noticed an oklob plant
  1182 | D        | XOM: divination: detect creatures
  1201 | D        | Killed an oklob plant
  1322 | D        | XOM is BORED!
  1322 | D        | XOM: give mutations
  1322 | D        | Gained mutation: You are clumsy. (Dex -2) [Xom's mischief]
  1322 | D        | Gained mutation: Your system is resistant to poisons. [Xom's mischief]
  1322 | D        | Gained mutation: Your muscles are strong. (Str +2) [Xom's mischief]
  1322 | D        | Lost mutation: Your system is resistant to poisons. [Xom's mischief]
  1423 | D        | Noticed a yak
  1423 | D        | Noticed an elephant
  1423 | D        | Noticed a porcupine
  1423 | D        | Noticed a six-headed hydra
  1423 | D        | Noticed a porcupine
  1423 | D        | Noticed a water moccasin
  1427 | D        | Noticed a giant frog
  1427 | D        | Killed a water moccasin
  1434 | D        | Noticed a blink frog
  1434 | D        | Killed a porcupine
  1434 | D        | XOM: snakes to sticks
  1438 | D        | XOM: enchant monster (good)
  1441 | D        | XOM: fog
  1442 | D        | Killed a one-headed hydra
  1445 | D        | Killed a porcupine
  1445 | D        | Reached XP level 10. HP: 30/94 MP: 10/10
  1452 | D        | XOM: swap monsters
  1454 | D        | Killed an elephant
  1468 | D        | Killed a giant frog
  1469 | D        | Killed a yak
  1472 | D        | XOM: summons 3 friendly demons
  1473 | D        | XOM: fog
  1476 | D        | XOM: polymorph white imp -> quasit
  1482 | D        | XOM: god gift: 24 stones
  1500 | D        | Killed a blink frog
  1803 | D        | Noticed a black bear
  1803 | D        | Noticed a black bear
  1803 | D        | Noticed a black bear
  1803 | D        | Noticed a black bear
  1803 | D        | Noticed a black bear
  1803 | D        | Noticed a polar bear
  1803 | D        | Noticed a black bear
  1806 | D        | Noticed a polar bear
  1814 | D        | Killed a polar bear
  1820 | D        | XOM: swap monsters
  1821 | D        | Killed a black bear
  1827 | D        | Killed a black bear
  1836 | D        | Killed a black bear
  1839 | D        | Killed a black bear
  1842 | D        | Killed a black bear
  1842 | D        | Reached skill level 15 in Armour
  1844 | D        | Killed a black bear
  1860 | D        | XOM: vitrification
  1861 | D        | Noticed an orc warrior
  1861 | D        | Noticed an orc wizard
  1861 | D        | Noticed an orc warrior
  1861 | D        | Noticed Gastronok
  1861 | D        | Noticed an orc warrior
  1861 | D        | Noticed an orc warrior
  1861 | D        | Noticed an orc warrior
  1861 | D        | Noticed an orc warrior
  1861 | D        | Noticed an orc knight
  1861 | D        | Noticed an orc priest
  1861 | D        | Noticed an orc knight
  1865 | D        | Noticed an orc priest
  1866 | D        | Noticed an orc priest
  1868 | D        | Noticed an orc wizard
  1869 | D        | Noticed an orc wizard
  1870 | D        | Noticed an orc wizard
  1892 | D        | Killed a polar bear
  1980 | D        | XOM: give mutations
  1980 | D        | Gained mutation: You are partially covered in iridescent scales (AC +4). [Xom's grace]
  1980 | D        | Gained mutation: You are partially covered in slimy green scales (AC +2). [Xom's grace]
  1980 | D        | Gained mutation: You are resistant to hostile enchantments. [Xom's grace]
  1980 | D        | Gained mutation: You are resistant to electric shocks. [Xom's grace]
  1997 | D        | Noticed an orc sorcerer
  2005 | D        | Noticed a hill giant
  2006 | D        | Noticed an ogre mage
  2007 | D        | Noticed a hill giant
  2008 | D        | Noticed a hill giant
  2009 | D        | Noticed a troll
  2010 | D        | Found Qaana's Distillery.
  2010 | D        | Noticed an ogre mage
  2012 | D        | Found Mesuh's Weapon Shop.
  2012 | D        | Noticed an ogre mage
  2013 | D        | Noticed a jelly
  2014 | D        | Noticed a deep troll
  2014 | D        | Found Teshroet's Antique Armour Boutique.
  2015 | D        | XOM: god gift: slimy sapphire amulet {god gift}
  2016 | D        | Noticed a hill giant
  2016 | D        | Got a slimy sapphire amulet {god gift}
  2017 | D        | Identified the amulet "Gogilein" {+Rage Str+4 SInv} (Xom gifted it to you in the Dungeon)
  2018 | D        | Found Ushruexia's Food Shop.
  2018 | D        | Noticed Erolcha
  2018 | D        | Noticed a centaur warrior
  2019 | D        | Noticed a deep troll
  2019 | D        | Noticed a green ugly thing
  2020 | D        | Noticed a deep troll
  2022 | D        | Noticed a hill giant
  2156 | D        | XOM: god gift: sharpened bone wand {god gift}
  2166 | D        | Noticed Psyche
  2186 | D        | XOM: summons 3 friendly demons
  2195 | D        | Killed Gastronok
  2248 | D        | Killed an orc wizard
  2253 | D        | Killed an orc wizard
  2258 | D        | Killed an orc wizard
  2265 | D        | Killed an orc priest
  2266 | D        | Noticed a siren
  2268 | D        | Killed an orc priest
  2271 | D        | Killed an orc priest
  2279 | D        | XOM: harmless Conj miscast
  2287 | D        | Killed an orc knight
  2287 | D        | Reached XP level 11. HP: 32/102 MP: 11/11
  2288 | D        | Noticed a griffon
  2290 | D        | Noticed a griffon
  2292 | D        | Noticed a manticore
  2293 | D        | Noticed a manticore
  2295 | D        | Noticed a manticore
  2296 | D        | Noticed a siren
  2297 | D        | Noticed a merfolk
  2298 | D        | Noticed a satyr
  2302 | D        | Noticed a naga
  2304 | D        | Noticed a naga
  2317 | D        | XOM: harmless Conj miscast
  2319 | D        | Killed an orc knight
  2324 | D        | XOM: chaos upgrade
  2326 | D        | Killed an orc sorcerer
  2328 | D        | Killed an orc warrior
  2330 | D        | Killed an orc warrior
  2331 | D        | Noticed a shock serpent
  2332 | D        | Killed an orc warrior
  2333 | D        | Noticed a black mamba
  2340 | D        | XOM: confusion
  2342 | D        | Killed an orc wizard
  2342 | D        | XOM: destruction
  2343 | D        | Killed an orc warrior
  2351 | D        | Killed an orc warrior
  2361 | D        | Killed an orc warrior
  2366 | D        | Noticed a naga mage
  2368 | D        | Noticed a mana viper
  2370 | D        | Noticed a black mamba
  2372 | D        | Noticed a water moccasin
  2373 | D        | Noticed a black mamba
  2378 | D        | Noticed a demonic crawler
  2380 | D        | Noticed a jumping spider
  2382 | D        | Noticed a wolf spider
  2384 | D        | Noticed a redback
  2386 | D        | Noticed a jumping spider
  2478 | D        | XOM: stat loss: -1 Dex (7/8)
  2511 | D        | XOM: butterfly on damage
  2520 | D        | Killed a hill giant
  2526 | D        | Killed an ogre mage
  2526 | D        | Reached skill level 15 in Fighting
  2529 | D        | a hill giant changed into a water nymph
  2529 | D        | XOM: polymorph hill giant -> water nymph
  2534 | D        | Killed a hill giant
  2535 | D        | Noticed a sea snake
  2535 | D        | an ogre mage changed into a sea snake
  2535 | D        | XOM: polymorph ogre mage -> sea snake
  2536 | D        | XOM: summons 2 friendly demons
  2546 | D        | Killed a troll
  2547 | D        | XOM: swap monsters
  2557 | D        | Killed a deep troll
  2557 | D        | XOM: divine lightning (protected)
  2560 | D        | Killed a hill giant
  2567 | D        | Killed a sea snake
  2569 | D        | XOM: swap monsters
  2573 | D        | Killed a deep troll
  2574 | D        | XOM: potion effect (heal wounds)
  2579 | D        | Killed an ogre mage
  2584 | D        | Killed a deep troll
  2584 | D        | Reached skill level 19 in Fighting
  2666 | D        | XOM: mild Air miscast
  2751 | D        | XOM: mild Trmt miscast
  2784 | D        | Noticed an emperor scorpion
  2786 | D        | Noticed a tarantella
  2787 | D        | Noticed a tarantella
  2789 | D        | Noticed a frost giant
  2794 | D        | Bought a potion of restore abilities for 70 gold pieces
  2794 | D        | Bought a potion of haste for 140 gold pieces
  2794 | D        | Bought a potion of lignification for 42 gold pieces
  2794 | D        | Bought a potion of curing for 42 gold pieces
  2794 | D        | Bought a potion of agility for 56 gold pieces
  2794 | D        | Bought a potion of curing for 42 gold pieces
  2795 | D        | Noticed a deep troll
  2796 | D        | Noticed a deep troll
  2799 | D        | XOM: enchant monster (good)
  2800 | D        | XOM: harmless Fire miscast
  2803 | D        | XOM: blink monster(s)
  2806 | D        | XOM: mild Air miscast
  2808 | D        | Killed a deep troll
  2808 | D        | Reached XP level 12. HP: 106/130 MP: 12/12
  2810 | D        | Killed a deep troll
  2810 | D        | Reached skill level 5 in Shields
  2833 | D        | Bought a runed plate armour for 736 gold pieces
  2894 | D        | Noticed Sonja
  2910 | D        | Killed Sonja
  2945 | D        | XOM: noise
  2946 | D        | Noticed a hill giant
  2947 | D        | Noticed a deep troll shaman
  2954 | D        | Killed Erolcha
  3026 | D        | Noticed a vampire
  3027 | D        | Noticed a fire dragon
  3028 | D        | Noticed a fire giant
  3029 | D        | Noticed a brown very ugly thing
  3030 | D        | Noticed a stone giant
  3031 | D        | Noticed a deep troll shaman
  3032 | D        | Noticed a fire dragon
  3033 | D        | Noticed a purple very ugly thing
  3034 | D        | Noticed an ice dragon
  3039 | D        | Noticed a purple very ugly thing
  3041 | D        | Noticed a deep troll shaman
  3042 | D        | Noticed a green very ugly thing
  3043 | D        | Noticed a sphinx
  3047 | D        | Noticed an ogre mage
  3048 | D        | Noticed a boggart
  3049 | D        | Noticed a deep troll shaman
  3051 | D        | Noticed a deep troll shaman
  3053 | D        | Noticed a trapdoor spider
  3055 | D        | Noticed a vampire mosquito
  3057 | D        | Noticed a slime creature
  3058 | D        | Noticed an ogre mage
  3060 | D        | Noticed a purple ugly thing
  3062 | D        | Noticed a harpy
  3064 | D        | Noticed a slime creature
  3077 | D        | XOM: divination: magic mapping
  3094 | D        | Noticed a trapdoor spider
  3094 | D        | Killed a jelly
  3095 | D        | Noticed a yaktaur captain
  3095 | D        | XOM: divination: detect creatures
  3102 | D        | Killed a trapdoor spider
  3103 | D        | Noticed a wraith
  3110 | D        | Killed a centaur warrior
  3116 | D        | XOM: summons friendly ufetubus
  3119 | D        | Killed a green ugly thing
  3119 | D        | Reached skill level 10 in Shields
  3121 | D        | Noticed an ettin
  3123 | D        | XOM: blink monster(s)
  3127 | D        | Killed a deep troll shaman
  3131 | D        | Noticed a stone giant
  3131 | D        | Killed a hill giant
  3135 | D        | Noticed a yaktaur
  3137 | D        | Noticed a wizard
  3138 | D        | XOM: divine lightning
  3142 | D        | Killed a frost giant
  3146 | D        | Killed an ettin
  3158 | D        | Killed a stone giant
  3160 | D        | XOM: potion effect (haste)
  3164 | D        | Killed a hill giant
  3165 | D        | Noticed a wolf spider
  3171 | D        | Killed a yaktaur
  3174 | D        | a wizard changed into a boulder beetle
  3174 | D        | XOM: polymorph wizard -> boulder beetle
  3202 | D        | Gained mutation: You have an increased reservoir of magic (+10% MP). [mutagenic meat]
  3258 | D        | Killed Psyche
  3501 | D        | Killed a siren
  3501 | D        | Reached skill level 15 in Shields
  3502 | D        | XOM: fog
  3509 | D        | Killed a griffon
  3513 | D        | Killed a griffon
  3517 | D        | Killed a manticore
  3522 | D        | Killed a manticore
  3529 | D        | Killed a manticore
  3543 | D        | Killed a merfolk
  3543 | D        | Reached XP level 13. HP: 138/138 MP: 14/14
  3547 | D        | Killed a siren
  3555 | D        | Killed a satyr
  3583 | D        | Killed a naga
  3583 | D        | Reached skill level 1 in Evocations
  3586 | D        | Killed a naga
  3590 | D        | Killed a shock serpent
  3592 | D        | Killed a black mamba
  3592 | D        | Reached skill level 5 in Evocations
  3593 | D        | XOM: swap monsters
  3599 | D        | Killed a black mamba
  3602 | D        | Killed a mana viper
  3604 | D        | Killed a black mamba
  3610 | D        | Killed a water moccasin
  3616 | D        | Killed a naga mage
  3676 | D        | XOM: summons 1 friendly demon
  3691 | D        | Killed a demonic crawler
  3695 | D        | XOM: confuse monster(s)
  3695 | D        | Killed a wolf spider
  3697 | D        | Killed a tarantella
  3698 | D        | Killed a tarantella
  3699 | D        | Killed a jumping spider
  3700 | D        | Killed a jumping spider
  3701 | D        | XOM: enchant monster (good)
  3703 | D        | Killed a redback
  3705 | D        | Killed a trapdoor spider
  3705 | D        | Reached skill level 10 in Evocations
  3730 | D        | Killed an emperor scorpion
  3731 | D        | Noticed an ettin
  3731 | D        | a wolf spider changed into an ettin
  3732 | D        | an ettin changed into a fire dragon
  3745 | D        | Noticed an ironbrand convoker
  3781 | D        | Noticed a spiny frog
  3781 | D        | Noticed a swamp drake
  3781 | D        | Noticed a seven-headed hydra
  3781 | D        | Noticed a bog body
  3781 | D        | Noticed a vampire mosquito
  3781 | D        | Noticed a seven-headed hydra
  3785 | D        | XOM: destruction
  3786 | D        | Noticed an insubstantial wisp
  3786 | D        | Killed a four-headed hydra
  3792 | D        | Killed a vampire mosquito
  3795 | D        | Noticed a swamp dragon
  3802 | D        | Killed a bog body
  3802 | D        | XOM: swap monsters
  3806 | D        | Killed a four-headed hydra
  3809 | D        | a swamp dragon changed into a boring beetle
  3809 | D        | XOM: polymorph swamp dragon -> boring beetle
  3810 | D        | Killed a spiny frog
  3814 | D        | Killed a swamp drake
  3815 | D        | Killed an insubstantial wisp
  3861 | D        | XOM: god gift: sparkling brass amulet {god gift}
  3862 | D        | Got a sparkling brass amulet {god gift}
  3864 | D        | Identified the amulet of Ytsevetu {Faith -Cast rElec Str-2 Dex+5 Stlth-} (Xom gifted it to you in the Dungeon)
  3934 | D        | XOM: god gift: 610 gold pieces
  4079 | D        | Noticed a vault warden
  4080 | D        | Noticed a storm dragon
  4147 | D        | Killed a vampire
  4156 | D        | XOM: summons 2 friendly demons
  4352 | D        | XOM: medium Tloc miscast
  4369 | D        | XOM: scenery: 1 doors open, 1 doors close
  4510 | D        | Noticed a stone giant
  4512 | D        | Noticed a sphinx
  4512 | D        | a stone giant changed into a sphinx
  4515 | D        | Noticed a quicksilver dragon
  4515 | D        | a sphinx changed into a quicksilver dragon
  4518 | D        | a quicksilver dragon changed into an iron troll
  4519 | D        | Noticed a fire giant
  4519 | D        | an iron troll changed into a fire giant
  4523 | D        | Noticed a quicksilver dragon
  4523 | D        | a fire giant changed into a quicksilver dragon
  4524 | D        | Noticed a sphinx
  4524 | D        | a quicksilver dragon changed into a sphinx
  4571 | D        | Killed a fire dragon
  4589 | D        | Killed a fire giant
  4597 | D        | XOM: summons friendly iron imp
  4602 | D        | Killed a brown very ugly thing
  4602 | D        | Reached skill level 15 in Evocations
  4613 | D        | XOM: potion effect (brilliance)
  4614 | D        | Killed a stone giant
  4617 | D        | XOM: potion effect (brilliance)
  4627 | D        | Killed a deep troll shaman
  4627 | D        | Noticed a fire giant
  4627 | D        | an alligator snapping turtle changed into a fire giant
  4628 | D        | XOM: divination: detect creatures
  4629 | D        | Noticed a dire elephant
  4629 | D        | a fire giant changed into a dire elephant
  4633 | D        | Noticed a golden dragon
  4633 | D        | a dire elephant changed into a golden dragon
  4639 | D        | XOM: summons friendly shadow imp
  4641 | D        | Killed a fire dragon
  4644 | D        | XOM: summons friendly iron imp
  4647 | D        | Noticed a shadow dragon
  4657 | D        | Noticed a shadow dragon
  4657 | D        | a purple very ugly thing changed into a shadow dragon
  4657 | D        | XOM: polymorph purple very ugly thing -> shadow dragon
  4665 | D        | XOM: blink monster(s)
  4668 | D        | XOM: chaos cloud
  4669 | D        | XOM: summons 4 hostile shadow creatures
  4682 | D        | Noticed a centaur warrior
  4683 | D        | Noticed a fire giant
  4684 | D        | Noticed a hornet
  4684 | D        | Noticed a fire crab
  4856 | D        | XOM: summons friendly crimson imp
  4857 | D        | XOM: noise
  4866 | D        | Killed a shadow dragon
  4866 | D        | Reached skill level 20 in Long Blades
  4871 | D        | Gained mutation: You expend magic power (3 MP) to slightly strengthen your wands. [mutagenic meat]
  5072 | D        | XOM: summons 4 hostile demons
  5242 | D        | Noticed an ironbrand convoker
  5279 | D        | Killed a green very ugly thing
  5279 | D        | Reached XP level 14. HP: 146/146 MP: 34/34
  5308 | D        | XOM: divination: magic mapping
  5310 | D        | XOM: enchant monster (bad)
  5317 | D        | Killed a purple very ugly thing
  5317 | D        | Reached skill level 21 in Long Blades
  5324 | D        | Killed a deep troll shaman
  5345 | D        | Killed a sphinx
  5345 | D        | Reached skill level 22 in Long Blades
  5355 | D        | Killed an ogre mage
  5364 | D        | Killed a boggart
  5375 | D        | Killed a deep troll shaman
  5381 | D        | XOM: enchant monster (good)
  5384 | D        | Killed a deep troll shaman
  5389 | D        | Killed a vampire mosquito
  5669 | D        | Killed a slime creature
  5676 | D        | Killed an ogre mage
  5679 | D        | XOM: chaos cloud
  5682 | D        | XOM: noise
  5693 | D        | Killed a green ugly thing
  5693 | D        | Reached skill level 23 in Long Blades
  5697 | D        | XOM: confusion (+ monsters)
  5701 | D        | Killed a harpy
  5707 | D        | Killed a wraith
  5711 | D        | Killed a yaktaur captain
  5724 | D        | Killed a slime creature
  5740 | D        | Killed a wolf spider
  5792 | D        | Killed an ironbrand convoker
  5802 | D        | XOM: swap monsters
  5815 | D        | Killed a storm dragon
  5815 | D        | XOM: summons 3 friendly demons
  5820 | D        | Killed a vault warden
  5820 | D        | Reached skill level 24 in Long Blades
  5829 | D        | a centaur warrior changed into a ghost crab
  5829 | D        | XOM: polymorph centaur warrior -> ghost crab
  5834 | D        | XOM: harmless Conj miscast
  5842 | D        | XOM: summons 3 friendly demons
  5846 | D        | HP: 5/146 [fire giant/bolt of fire (39)]
  5858 | D        | Slain by a fire giant

Action                   |  1- 3 |  4- 6 |  7- 9 | 10-12 | 13-15 || total
-------------------------+-------+-------+-------+-------+-------++-------
Melee: Long sword        |    54 |       |       |       |       ||    54
       Scimitar          |       |    21 |    89 |   353 |   387 ||   850
Throw: Stone             |       |       |       |     7 |       ||     7
Evoke: Wand              |     1 |     3 |       |     9 |       ||    13
  Use: Potion            |       |       |       |     8 |     5 ||    13
       Scroll            |       |       |       |    10 |     3 ||    13
 Stab: Fleeing           |       |       |       |     1 |       ||     1
       Paralysed         |       |       |       |     2 |     1 ||     3
       Invisible         |       |       |       |     2 |       ||     2
       Confused          |       |       |       |     1 |     5 ||     6
  Eat: Chunk             |       |       |     1 |     9 |     7 ||    17
       Bread ration      |       |       |       |       |     1 ||     1
